 Dungeon Crawl Stone Soup version 0.16.1-4-g8e1b745 (webtiles) character file.

38 DogShitOnMyToe the Poker (level 3, -1/27 HPs)
             Began as a Merfolk Skald on Mar 28, 2015.
             Slain by a hobgoblin (3 damage)
             ... led by Robin
             ... on level 1 of the Dungeon.
             The game lasted 00:03:02 (1460 turns).

DogShitOnMyToe the Poker (Merfolk Skald)            Turns: 1460, Time: 00:03:02

Health: -1/27      AC:  3    Str: 12    XL:     3   Next: 43%
Magic:  4/6        EV: 11    Int: 16    God:
Gold:   41         SH:  0    Dex: 14    Spells: 2 memorised, 3 levels left

rFire  . . .     SeeInvis .     a - +0 spear
rCold  . . .     Clarity  .     b - +0 leather armour
rNeg   . . .     SustAb   .     (no shield)
rPois  .         Gourm    .     (no helmet)
rElec  .         Spirit   .     (no cloak)
rCorr  .         Warding  .     (no gloves)
rMut   .         Stasis   .     (no boots)
MR     .....                    (no amulet)
Stlth  +.........               (no ring)
                                (no ring)

@: brilliant, lethally poisoned (-1 -> -8), infused, very slightly contaminated,
not resistant to hostile enchantments, very unstealthy
A: change form in water, swift swim
a: no special abilities


You were on level 1 of the Dungeon.
You were not hungry.

You visited 1 branch of the dungeon, and saw 2 of its levels.

You collected 41 gold pieces.

Inventory:

Hand weapons
 a - a +0 spear (weapon)
Armour
 b - a +0 leather armour (worn)
Scrolls
 f - a scroll of identify {unknown}
 i - a scroll of recharging {unknown}
 j - a scroll of blinking {unknown}
Potions
 e - a potion of brilliance
Books
 c - a book of Battle

   Spells                             Type                      Level
   a - Infusion                       Charms                       1
   b - Shroud of Golubria             Charms/Translocation         2
   c - Song of Slaying                Charms                       2
   d - Spectral Weapon                Hexes/Charms                 3
   e - Regeneration                   Charms/Necromancy            3
Comestibles
 d - 2 bread rations
 h - 5 chunks of flesh
 k - a slice of pizza


   Skills:
 - Level 2.1 Fighting
 + Level 5.5 Polearms
 - Level 0.6 Armour
 - Level 1.3 Dodging
 - Level 2.0 Spellcasting
 - Level 3.2 Charms


You had 3 spell levels left.
You knew the following spells:

 Your Spells              Type           Power        Failure   Level  Hunger
a - Infusion              Chrm           ###...       1%          1    #......
b - Song of Slaying       Chrm           ###.....     1%          2    ###....


Dungeon Overview and Level Annotations

Branches:
Dungeon (2/15)

Altars:

Annotations:
D:2 Robin


Message History

The hobgoblin closely misses you.
You are too injured to fight recklessly!
You are too injured to fight recklessly!
You are too injured to fight recklessly!
You are too injured to fight recklessly!
You are too injured to fight recklessly!
You are too injured to fight recklessly!
You are too injured to fight recklessly!
You are too injured to fight recklessly!
You are too injured to fight recklessly!
You hit the hobgoblin.
You kill the hobgoblin!
The hobgoblin closely misses you.
* * * LOW HITPOINT WARNING * * *
You feel sick. The hobgoblin barely misses you.
You see here a club.
* * * LOW HITPOINT WARNING * * *
You feel sick.
You closely miss the hobgoblin. The hobgoblin hits you.
You die...

##. ############ ##
######..........# ##
##..##..##..##.#.###.
##........#....#..##.#
##.............###.#.##
#[....÷.........#......
#.#..>.....##.##.##.###
#.#...@....#..##.##.# #
#...†)g.....####.##.###
#...........# #.##....
#.#........## #.####.#
#.##..##..## #.# #.#
#.###.#..## #.# #.# #.#
#.#.## #.# #.# #.#
#...# #.# #.# #.#
###.########.# #..


You could see a hobgoblin.

Vanquished Creatures
  An adder (D:1)
  A giant cockroach (D:1)
  4 goblins (D:1)
  5 hobgoblins (D:1)
  4 bats (D:1)
  3 giant newts (D:1)
  4 jackals (D:1)
  2 kobolds (D:1)
  4 rats (D:1)
28 creatures vanquished.

Notes
Turn   | Place    | Note
--------------------------------------------------------------
     0 | D:1      | DogShitOnMyToe, the Merfolk Skald, began the quest for the Orb.
     0 | D:1      | Reached XP level 1. HP: 16/16 MP: 3/3
   541 | D:1      | Reached skill level 4 in Polearms
   541 | D:1      | Reached XP level 2. HP: 16/22 MP: 0/4
  1153 | D:1      | Learned a level 2 spell: Song of Slaying
  1361 | D:1      | Reached skill level 5 in Polearms
  1361 | D:1      | Reached XP level 3. HP: 20/27 MP: 6/6
  1433 | D:2      | Noticed Robin
  1459 | D:1      | HP: 1/27 [poisoned by an adder]
  1460 | D:1      | Slain by a hobgoblin

Action                   || total
-------------------------++-------
Melee: Spear             ||   115
 Cast: Infusion          ||     6
       Song of Slaying   ||     2
  Use: Potion            ||     2
  Eat: Chunk             ||     2
